 Dungeon Crawl Stone Soup version bcrawl-1.21.2-28-g2cb1824106 (webtiles) character file.

Game seed: 8681122845581464562

49 BeastOfSaturn the Grasshopper (level 3, -3/21 HPs)
             Began as a Vine Stalker Warper on Mar 8, 2020.
             Killed from afar by an orc wizard (5 damage)
             ... with a puff of flame
             ... on level 3 of the Dungeon.
             The game lasted 00:07:46 (1889 turns).

BeastOfSaturn the Grasshopper (Vine Stalker Warper) Turns: 1889, Time: 00:07:47

Health: -3/21      AC:  4    Str: 13    XL:     3   Next: 77%
Magic:  3/5        EV: 12    Int: 14    God:
Gold:   116        SH:  0    Dex: 13    Spells: 1/4 levels left

rFire    . . .     SeeInvis .   u - +1 dagger (speed)
rCold    . . .     Gourm    .   (no shield)
rNeg     . . .     Faith    .   l - +0 leather armour
rPois    .         Spirit   .   (no helmet)
rElec    .         Reflect  .   t - +0 cloak
rCorr    .         Harm     .   (no gloves)
MR       .....                  (no boots)
Stlth    ++........             (no amulet)
HPRegen  0.47/turn              p - ring of wizardry
MPRegen  0.09/turn              (no ring)

@: no status effects
A: fangs 2, regeneration 1, no potion heal 3, rot immunity, strong jaws
a: no special abilities


You were on level 3 of the Dungeon.
You were not hungry.

You visited 1 branch of the dungeon, and saw 3 of its levels.

You collected 116 gold pieces.

Inventory:

Hand Weapons
 a - a +0 dagger
 u - a +1 dagger of speed (weapon)
Missiles
 f - 2 throwing nets {!f}
 g - 134 javelins (quivered)
Armour
 b - a +0 robe
 l - a +0 leather armour (worn)
 t - a +0 cloak (worn)
Jewellery
 p - a ring of wizardry (left hand)
Wands
 r - a wand of polymorph (13)
Scrolls
 c - 4 scrolls of remove curse {unknown}
 d - a scroll of blinking
 h - a scroll of noise {unknown}
 j - 2 scrolls of teleportation {unknown}
 k - 2 scrolls of identify {unknown}
 q - a scroll of enchant weapon {unknown}
 s - a scroll of enchant armour {unknown}
Potions
 i - 2 potions of might {unknown}
 m - a potion of brilliance {unknown}
 n - a potion of cancellation {unknown}
 o - a potion of curing {unknown}
Comestibles
 e - 6 rations {!d}


   Skills:
 - Level 2.0 Fighting
 * Level 1.0 Short Blades
 + Level 1.9 Throwing
 * Level 2.5 Dodging
 * Level 1.7 Stealth
 - Level 1.1 Spellcasting
 * Level 3.5 Translocations


You had one spell level left.
You knew the following spells:

 Your Spells              Type           Power        Failure   Level  Hunger
a - Blink Other           Tloc           ##....       3%          1    ##.....
b - Blink                 Tloc           N/A          4%          2    ###....

Your spell library contained the following spells:

 Spells                   Type           Power        Failure   Level  Hunger
 Apportation              Tloc           ##....       3%          1    ##.....
 Infusion                 Chrm           #.......     13%         1    ##.....
 Sandblast                Erth           #.....       13%         1    ##.....
 Slow                     Hex            #.......     13%         1    ##.....
 Summon Butterflies       Summ           #.......     13%         1    ##.....
 Portal Projectile        Tloc           ##....       10%         3    ####...
 Teleport Other           Tloc           ##......     10%         3    ####...
 Passage of Golubria      Tloc           N/A          61%         5    ######.


Dungeon Overview and Level Annotations

Branches:
Dungeon (3/12)

Altars:
Okawaru
Sif Muna
Trog

Annotations:
D:3 2 transporters, kirei's ghost, amateur DsTm


Innate Abilities, Weirdness & Mutations

You have extremely sharp teeth.
Your natural rate of healing is unusually fast.
Potions cannot restore your health.
You are immune to rotting.
Your bites deal extra damage.


Message History

The orc wizard casts a spell at you. The magic dart hits you!
You hit the orc wizard but do no damage.
You completely miss the orc wizard. The orc hits you but does no damage.
The orc wizard hits you with a +0 dagger.
You hit the orc wizard.
The orc wizard is lightly wounded.
The orc wizard hits you with a +0 dagger.
You barely miss the orc wizard.
The orc wizard is lightly wounded.
The orc closely misses you.
You hit the orc wizard. Your bite misses the orc wizard.
The orc wizard is moderately wounded.
The orc wizard closely misses you. The orc hits you with a +0 flail!
* * * LOW HITPOINT WARNING * * *
Cast which spell? (? or * to list)
You blink.
The orc wizard points at you and mumbles some strange words.
The puff of flame hits you.
You die...

#########...........
#######..#........†....^..
.............#........#...
.#######§..#.#........#...
#...oo..#.#........####
#.....o%#.#........+
#.......#.#........#
#......>#.#........#
#.....@.#.#........#
#.......#.# #.......#
#######.# .# ##


You could see an orc wizard and 2 orcs.

Vanquished Creatures
  4 dart slugs
  An orc (D:2)
  2 ball pythons (D:1)
  3 bats
  A giant cockroach (D:1)
  A goblin (D:1)
  6 hobgoblins
  5 jackals
  5 kobolds
  2 quokkas
  A frilled lizard (D:2)
  6 rats
37 creatures vanquished.

Notes
Turn   | Place    | Note
-------+----------+-------------------------------------------
     0 | D:1      | BeastOfSaturn the Vine Stalker Warper began the quest for
                  | the Orb.
     0 | D:1      | Reached XP level 1. HP: 12/12 MP: 3/3
   463 | D:1      | Reached XP level 2. HP: 17/17 MP: 4/4
   647 | D:1      | Reached skill level 1 in Stealth
   902 | D:1      | Learned a level 2 spell: Blink
   942 | D:1      | Reached XP level 3. HP: 17/21 MP: 5/5
  1252 | D:2      | Found a shimmering blue altar of Sif Muna.
  1704 | D:2      | Found an iron altar of Okawaru.
  1748 | D:3      | Reached skill level 1 in Short Blades
  1768 | D:3      | Found a bloodstained altar of Trog.
  1832 | D:3      | Noticed a bullfrog
  1847 | D:3      | Noticed kirei's ghost (amateur DsTm)
  1849 | D:3      | Found a transporter.
  1852 | D:3      | Found a transporter.
  1889 | D:3      | Killed from afar by an orc wizard

Skill      XL: |  1  2  3 |
---------------+----------+-----
Stealth        | 1 |  1.7
Fighting       | 2 |  2.0
Short Blades   | 1 |  1.0
Throwing       | |  1.9
Dodging        | |  2.5
Spellcasting   | |  1.1
Translocations | |  3.5

Action                   || total
-------------------------++-------
Melee: Dagger            ||   167
       Bite              ||    14
Throw: Javelin           ||    16
 Cast: Blink             ||     1
 Stab: Sleeping          ||     1
  Eat: Chunk             ||     3
Armor: Robe              ||     8
       Leather armour    ||    32
Dodge: Dodged            ||   103
